 Dungeon Sprint DCSS version 0.30-a0-881-g1ff12e1e11 (webtiles) character file.

Game seed: 16329517082932912496

422 Hubris850 the Basher (level 6, -7/59 HPs)
             Began as an Ogre Reaver on Mar 14, 2023.
             Was an Initiate of Okawaru.
             Mangled by Sonja
             ... wielding a +0 short sword of venom
              (10 damage)
             ... in the Dungeon (Sprint I: "Red Sonja").
             The game lasted 00:03:45 (454 turns).

Hubris850 the Basher (Ogre Reaver)                   Turns: 454, Time: 00:03:46

Health: -7/59      AC: -5    Str: 17    XL:     6   Next: 95%
Magic:  9/9        EV:  9    Int: 16    God:    Okawaru [......]
Gold:   297        SH:  0    Dex:  7    Spells: 8/9 levels left

rFire   . . .      SeeInvis .    j - +0 giant club
rCold   . . .      Faith    .    (shield currently unavailable)
rNeg    . . .      Spirit   .    b - +0 robe
rPois   .          Reflect  .    (helmet restricted)
rElec   .          Rampage  .    (no cloak)
rCorr   .          NoTele   +    (gloves unavailable)
Will    .....                    (boots unavailable)
Stlth   +                        (no amulet)
HPRegen 0.29/turn                (no ring)
MPRegen 0.11/turn                (no ring)

@: lethally poisoned (-7 -> -23), corroded
A: large, unfitting armour, tough skin 1
a: Renounce Religion


You were in the Dungeon.
You worshipped Okawaru.
Okawaru was noncommittal.
You visited 1 branch You collected 297 gold pieces.

Inventory:

Hand Weapons
 a - a +0 mace
 j - a +0 giant club (weapon)
Armour
 b - a +0 robe (worn)
Wands
 i - a wand of roots (3)
Scrolls
 h - a scroll of blinking
 l - a scroll of enchant weapon {unknown}
 n - a scroll of fog {unknown}
Potions
 c - 2 potions of curing
 d - a potion of heal wounds
 e - a potion of haste
 f - 2 potions of magic
 g - a potion of berserk rage
 k - a potion of lignification {unknown}
 m - a potion of attraction {unknown}


   Skills:
 - Level 2.6 Fighting
 + Level 13.3 Maces & Flails
 - Level 1.7 Dodging
 - Level 2.4 Spellcasting
 - Level 2.6 Conjurations


You had 8 spell levels left.
You knew the following spells:

 Your Spells              Type           Power      Damage    Failure   Level
a - Kiss of Death         Conj/Necr      24%        2d7       12%         1

Your spell library contained the following spells:

 Spells                   Type           Power      Damage    Failure   Level
 Momentum Strike          Conj/Tloc      12%        3d8       17%         2
 Hailstorm                Conj/Ice       6%         3d4       34%         3


Dungeon Overview and Level Annotations

Branches:
Dungeon (1/1)

Altars:
Cheibriados
Dithmenos
Elyvilon
Fedhas
Gozag
Hepliaklqana
Kikubaaqudgha
Nemelex Xobeh
Okawaru
Qazlal
Ru
Sif Muna
Trog
Uskayaw
Vehumet
Wu Jian
Yredelemnul
Zin
The Shining One

Shops:
D (

Annotations:
D Sonja


Innate Abilities, Weirdness & Mutations

You are too large for most types of armour.
You have tough skin. (AC +1)


Message History

There is a glowing golden altar of the Shining One here.
There is a glowing silver altar of Zin here.
There is a white marble altar of Elyvilon here.
There is an iron altar of Okawaru here.
You kneel at the altar of Okawaru.
Okawaru welcomes you!
There is an entrance to Ynlaucox's Weapon Emporium here.
There is an open door, spattered with blood here.
There is a shimmering blue altar of Sif Muna here.
You open the door.
Sonja, the Graceful Assassin comes into view.
She is wielding a +0 short sword of venom, quivering curare-tipped darts and carrying a wand of acid (9).
Sonja shouts!
Sonja throws a curare-tipped dart.
The curare-tipped dart closely misses you.
Found 108 gold pieces.
Sonja zaps a wand.
The bolt of acid hits you! The acid corrodes you!
There is an open door here.
Sonja zaps a wand.
The bolt of acid hits you! The acid corrodes you!
You completely miss Sonja.
Sonja zaps a wand.
The bolt of acid misses you.
Sonja gestures wildly while chanting.
Sonja blinks!
Sonja zaps a wand.
The bolt of acid hits you!
There is an open door here.
Sonja hits you with a +0 short sword of venom!
* * * LOW HITPOINT WARNING * * *
Sonja hits you with a +0 short sword of venom.
* * * LOW HITPOINT WARNING * * *
You are poisoned.
Sonja closely misses you.
You miss Sonja.
* * * LOW HITPOINT WARNING * * *
You feel very sick. Sonja barely misses you.
Sonja hits you with a +0 short sword of venom.
* * * LOW HITPOINT WARNING * * *
Sonja hits you with a +0 short sword of venom.
* * * LOW HITPOINT WARNING * * *
You are more poisoned.
Sonja hits you with a +0 short sword of venom!
You die...

################
#<.#..†..#..'..#
#..').#..').#..+
#..#####'#####'#
#..####..#...#.#
#..#__####..##.#
#..#_____##'#_.+
#⌠⌠#_.∩...'K.._#
####_..__##_@#'#
#_____###'#.#
####### #.###
+$.$+ #$.$#
##.## #+#


You could see Sonja.

Vanquished Creatures
  Sigmund (D)
  A yak (D)
  An ogre (D)
  A jelly (D)
  Ijyb (D)
5 creatures vanquished.

Notes
Turn   | Place    | Note
-------+----------+-------------------------------------------
     0 | D        | Hubris850 the Ogre Reaver began the quest for the Orb.
     0 | D        | Reached XP level 1. HP: 22/22 MP: 3/3
     1 | D        | Noticed Ijyb
     7 | D        | Killed Ijyb
     8 | D        | Reached skill level 6 in Maces & Flails
     8 | D        | Reached XP level 2. HP: 6/29 MP: 0/5
     8 | D        | Reached XP level 3. HP: 8/36 MP: 0/6
   119 | D        | Noticed an ogre
   124 | D        | Killed an ogre
   125 | D        | Reached skill level 8 in Maces & Flails
   125 | D        | Reached XP level 4. HP: 44/44 MP: 7/7
   137 | D        | Noticed Sigmund
   142 | D        | Killed Sigmund
   143 | D        | Reached skill level 11 in Maces & Flails
   143 | D        | Reached XP level 5. HP: 20/50 MP: 4/8
   143 | D        | Reached XP level 6. HP: 24/59 MP: 4/9
   273 | D        | Found a shimmering blue altar of Sif Muna.
   274 | D        | Found an ornate altar of the Wu Jian Council.
   275 | D        | Found a radiant altar of Vehumet.
   278 | D        | Reached skill level 12 in Maces & Flails
   309 | D        | Found Ynlaucox's Weapon Emporium.
   309 | D        | Found an ancient bone altar of Kikubaaqudgha.
   309 | D        | Found a hazy altar of Hepliaklqana.
   309 | D        | Found a stormy altar of Qazlal.
   309 | D        | Found a hide-covered altar of Uskayaw.
   309 | D        | Found a blossoming altar of Fedhas.
   309 | D        | Found a bloodstained altar of Trog.
   309 | D        | Found an iron altar of Okawaru.
   309 | D        | Found a basalt altar of Yredelemnul.
   309 | D        | Found a glowing golden altar of the Shining One.
   309 | D        | Found a snail-covered altar of Cheibriados.
   309 | D        | Found a sacrificial altar of Ru.
   309 | D        | Found a glowing silver altar of Zin.
   309 | D        | Found a shadowy altar of Dithmenos.
   309 | D        | Found a white marble altar of Elyvilon.
   309 | D        | Noticed a yak
   314 | D        | Killed a yak
   315 | D        | Reached skill level 13 in Maces & Flails
   315 | D        | Found an opulent altar of Gozag.
   316 | D        | Found a sparkling altar of Nemelex Xobeh.
   436 | D        | Became a worshipper of Warmaster Okawaru
   448 | D        | Noticed Sonja
   454 | D        | Mangled by Sonja

Illustrated notes

Levels and vault maps discovered:
D:        dungeon_sprint_1 [red_sonja_temple_1, red_sonja_temple_small_1]

Skill      XL: |  1  2  3  4  5  6 |
---------------+-------------------+-----
Maces & Flails | 6 8 11 13 | 13.3
Fighting       | |  2.6
Dodging        | |  1.7
Spellcasting   | |  2.4
Conjurations   | |  2.6

Action                     |  1- 3 |  4- 6 || total
---------------------------+-------+-------++-------
  Melee: Mace              |     5 |       ||     5
         Giant club        |       |     9 ||     9
   Cast: Kiss of Death     |     3 |     3 ||     6
  Evoke: Wand              |     2 |       ||     2
 Armour: Robe              |       |     1 ||     1
  Dodge: Dodged            |     4 |     6 ||    10

Table legend: (Time is in decaauts)
 A = Elapsed time spent in this place.
 B = Non-inter-level travel time spent in this place.
 C = Inter-level travel time spent in this place.
 D = Time resting spent in this place.
 E = Time spent auto-exploring this place.
 F = Levels seen in this place.
 G = Mean time per level.
                   A        B        C        D        E       F      G
               +--------+--------+--------+--------+--------+-----+--------+
         Total |    454 |    454 |      0 |    326 |      0 |   1 |  454.0 |
       Dungeon |    454 |    454 |      0 |    326 |      0 |   1 |  454.0 |
               +--------+--------+--------+--------+--------+-----+--------+

Top non-repeatable levels by time:
       D: 454 daAuts
